 Dungeon Crawl Stone Soup version 0.26-a0-690-gcb57259078 (webtiles) character file.

Game seed: 3377634781091277158

47 jiml777 the Magician (level 3, -2/19 HPs)
             Began as a Deep Elf Air Elementalist on Oct 23, 2020.
             Slain by a gnoll
             ... wielding a +2 whip of distortion
              (7 damage)
             ... on level 2 of the Dungeon.
             The game lasted 00:10:55 (1244 turns).

jiml777 the Magician (Deep Elf Air Elementalist)    Turns: 1244, Time: 00:10:57

Health: -2/19      AC:  2    Str:  5    XL:     3   Next: 48%
Magic:  0/10       EV: 13    Int: 20    God:
Gold:   108        SH:  0    Dex: 15    Spells: 7/10 levels left

rFire    . . .     SeeInvis .   e - +0 dagger
rCold    . . .     Faith    .   (no shield)
rNeg     . . .     Spirit   .   a - +0 robe
rPois    .         Reflect  .   (no helmet)
rElec    .         Harm     .   (no cloak)
rCorr    .         Rampage  .   (no gloves)
MR       .....                  (no boots)
Stlth    ++........             (no amulet)
HPRegen  0.06/turn              (no ring)
MPRegen  0.12/turn              (no ring)

@: sluggish, very slightly contaminated, very slow
A: no striking features
a: no special abilities


You were on level 2 of the Dungeon.
You visited 1 branch of the dungeon, and saw 2 of its levels.

You collected 108 gold pieces.

Inventory:

Hand Weapons
 e - a +0 dagger (weapon)
Missiles
 h - 10 poisoned darts (quivered)
Armour
 a - a +0 robe (worn)
Scrolls
 b - 3 scrolls of identify {unknown}
 c - 4 scrolls of enchant armour {unknown}
 d - a scroll of immolation {unknown}
 f - a scroll of magic mapping {unknown}
 g - 2 scrolls of random uselessness {unknown}
 i - a scroll of remove curse {unknown}


   Skills:
 + Level 2.4 Dodging
 + Level 2.7 Stealth
 + Level 4.0 Spellcasting
 + Level 1.3 Conjurations
 + Level 3.8 Air Magic


You had 7 spell levels left.
You knew the following spells:

 Your Spells              Type           Power        Failure   Level
a - Shock                 Conj/Air       ##..         4%          1
b - Swiftness             Air            ###.....     4%          2

Your spell library contained the following spells:

 Spells                   Type           Power        Failure   Level
 Static Discharge         Conj/Air       ##......     13%         3
 Airstrike                Air            ###.......   26%         4
 Lightning Bolt           Conj/Air       ##........   77%         5


Dungeon Overview and Level Annotations

Branches:
Dungeon (2/15)

Altars:


Message History

You hit the gnoll but do no damage.
The gnoll is moderately wounded.
You hit the gnoll.
The gnoll is moderately wounded.
The gnoll hits you with a +2 whip of distortion.
Space bends around you.
Unknown command.
You closely miss the gnoll.
The gnoll is moderately wounded.
The gnoll hits you but does no damage. Space bends around you.
* * * LOW HITPOINT WARNING * * *
Casting: Shock (safe; 4% risk of failure)
Confirm with . or Enter, or press ? or * to list all spells.
Aiming: Shock (safe; 4% risk of failure)
Press: ? - help, Shift-Dir - straight line, f - gnoll
Aim: a gnoll, wielding a +2 whip of distortion (moderately wounded)
The zap hits the gnoll.
The gnoll is heavily wounded.
The gnoll hits you with a +2 whip of distortion!
You die...

...g...........
###†#........>.
##..#.......... ######
....<......#### .....#
...........# .....#
...........## .....##
............#####......#
......#####.....g......#
......# ######@.####.
......## ##...[..#
)......# ####..#
.....#..# # ....## ..
##### #


You could see a gnoll.

Vanquished Creatures
  A gnoll (D:2)
  An ooze (D:1)
  2 leopard geckos
  2 giant cockroaches
  5 goblins
  4 hobgoblins (D:1)
  2 jackals (D:1)
  5 bats (D:1)
  3 frilled lizards
  2 kobolds (D:1)
  6 rats
33 creatures vanquished.

Vanquished Creatures (others)
  A fungus (D:1)
1 creature vanquished.

Grand Total: 34 creatures vanquished

Notes
Turn   | Place    | Note
-------+----------+-------------------------------------------
     0 | D:1      | jiml777 the Deep Elf Air Elementalist began the quest for
                  | the Orb.
     0 | D:1      | Reached XP level 1. HP: 10/10 MP: 6/6
   288 | D:1      | Reached XP level 2. HP: 15/15 MP: 6/8
   748 | D:1      | Learned a level 2 spell: Swiftness
   963 | D:1      | Reached XP level 3. HP: 15/19 MP: 7/10
  1166 | D:2      | Reached skill level 4 in Spellcasting
  1244 | D:2      | Slain by a gnoll

Illustrated notes

Levels and vault maps discovered:
D:1:      dpeg_arrival_prison, layout_basic, serial_bayou_crossing
D:2:      layout_rooms, serial_corexii_hall, corexii_hall_statues_x,
          corexii_hall_statues_i, uniq_terence

Skill      XL: |  1  2  3 |
---------------+----------+-----
Spellcasting   | 4 |  4.0
Dodging        | |  2.4
Stealth        | |  2.7
Conjurations   | |  1.3
Air Magic      | |  3.8

Action                   || total
-------------------------++-------
Melee: Dagger            ||     3
 Cast: Shock             ||    62
       Swiftness         ||     1
Armor: Robe              ||     5
Dodge: Dodged            ||     6

Table legend: (Time is in decaauts)
 A = Elapsed time spent in this place.
 B = Non-inter-level travel time spent in this place.
 C = Inter-level travel time spent in this place.
 D = Time resting spent in this place.
 E = Time spent auto-exploring this place.
 F = Levels seen in this place.
 G = Mean time per level.
                   A        B        C        D        E       F      G
               +--------+--------+--------+--------+--------+-----+--------+
         Total |   1246 |   1239 |      7 |    463 |    491 |   2 |  623.0 |
       Dungeon |   1246 |   1239 |      7 |    463 |    491 |   2 |  623.0 |
               +--------+--------+--------+--------+--------+-----+--------+

Top non-repeatable levels by time:
     D:1: 1082 daAuts
     D:2: 163 daAuts
